cohdb
Replays
Latest Replays
All Replays
Popular Replays
Top Player Replays
Match Explorer
How It Works
Community
CoH3 Stats
Reddit
Sign in to upload your games and track your stats! →
Sign in with Steam
Match 45298462
Unlisted
Match 45298462
Overview
Messages
Build Orders
End
Construct Barracks
Riflemen Squad
M1 Mortar Team
Riflemen Squad
Selects Advanced Infantry Battlegroup
Riflemen Squad
Selects Convert to Ranger Squad
Convert to Ranger Squad
Riflemen Squad
Infantry Support Center
Grenade Package
Selects Artillery Observers
Artillery Observer Squad
Advanced Logistics
M1918 Browning Automatic Rifles
M1 Mortar Team
Selects Frontline Medical Station
M1 Mortar Team
Construct Weapon Support Center
Survival Training
Convert to Ranger Squad
Riflemen Squad
Demolitions Package
Selects Ranger Weapon Training
Munitions Surplus
Bazooka Squad
Improved M9 Bazooka Rockets
Selects M2A1 105mm Howitzer Emplacement
Selects 155mm Rapid Artillery Barrage
Construct Tank Depot
Vero B.
DirtyDan
Josephus
Phoenix
Viperrexe
IL Buono
0
0
Comments
sign in to comment!
No comments posted yet!